Map: Terraform LE (Void)

Players

IIIIIIIIIIII

  • Race: Zerg Zerg
  • League: Master

Beastyqt - Winner!

  • Race: Terran Terran
  • League: Master

Event: Lycan League Weekly August #1

VOD

Have the link to the VOD?

Description

Time

  • Played on: Aug. 3, 2015, 1:07 p.m.
  • Length: 10:36

All games in this series

Show
View Real Time Build Order
Export as new Build Order

IIIIIIIIIIII Zerg 

Build Orders: Hatch First, Lurkers 

Get SALT Encoding   

  12  0:01  Drone  
  13  0:13  Overlord  
  13  0:18  Drone  
  14  0:32  Drone x2  
  16  0:38  Drone  
  17  0:53  Hatchery  
  17  0:56  Drone  
  17  1:04  Extractor  
  17  1:05  Drone  
  17  1:16  Spawning Pool  
  16  1:19  Drone  
  16  1:22  Drone  
  18  1:30  Drone  
  19  1:39  Overlord  
  19  2:03  Metabolic Boost, Zergling x2  
  19  2:04  Queen  
  19  2:05  Queen  
  19  2:07  Drone  
  25  2:11  Drone  
  26  2:17  Drone  
  26  2:22  Drone  
  28  2:26  Zergling x2  
  28  2:38  Drone  
  28  2:41  Queen  
  31  2:47  Pneumatized Carapace  
  31  2:49  Overlord  
  31  2:51  Drone x2  
  33  3:03  Drone x3  
  36  3:09  Drone  
  37  3:21  Drone x3  
  37  3:22  Drone x4  
  44  3:28  Overlord  
  44  3:47  Hatchery  
  43  3:49  Drone x4  
  43  3:50  Drone  
  43  3:51  Extractor  
  47  3:58  Roach Warren, Drone  
  47  3:59  Drone  
  48  4:03  Drone x2  
  48  4:07  Overlord  
  50  4:17  Extractor  
  49  4:21  Overlord  
  49  4:27  Drone  
  49  4:29  Spore Crawler  
  49  4:31  Spore Crawler  
  48  4:32  Queen  
  48  4:37  Roach x2  
  48  4:38  Roach x3  
  60  4:40  Overlord  
  60  4:42  Roach x2  
  63  4:58  Ravager x2  
  63  4:59  Overlord  
  65  5:02  Queen  
  65  5:05  Ravager  
  65  5:06  Drone x7  
  65  5:07  Drone  
  76  5:13  Overlord  
  76  5:18  Evolution Chamber  
  75  5:24  Lair  
  75  5:26  Overlord  
  75  5:30  Overlord  
  75  5:32  Drone  
  75  5:33  Drone x4  
  75  5:34  Extractor  
  75  5:35  Drone  
  80  5:36  Drone  
  80  5:40  Drone x2  
  80  5:41  Drone  
  84  5:47  Drone x2  
  84  5:48  Drone x2  
  88  5:54  Overlord  
  88  5:57  Zerg Missile Weapons Level 1  
  88  5:59  Extractor  
  87  6:07  Drone x3  
  87  6:10  Extractor  
  89  6:12  Drone x3  
  92  6:25  Drone  
  92  6:27  Drone, Infestation Pit, Glial Reconstitution  
  92  6:29  Hydralisk Den  
  92  6:30  Drone  
  92  6:31  Drone x2  
  95  6:38  Overlord  
  95  6:43  Roach x9  
  95  6:44  Lurker Den  
  95  6:46  Overlord x2  
  95  6:47  Hatchery  
  112  6:52  Overseer  
  112  6:55  Overlord  
  112  7:00  Hydralisk  
  114  7:11  Hydralisk x4  
  122  7:20  Roach x8  
  138  7:24  Overlord x2  
  133  7:33  Roach  
  133  7:34  Roach x6  
  135  7:39  Drone x3  
  138  7:49  Queen  
  140  7:53  Hydralisk x3  
  140  7:55  Zerg Ground Armor Level 1  
  146  8:04  Drone  
  146  8:05  Drone x7  
  153  8:11  Spine Crawler  
  153  8:14  Spore Crawler  
  153  8:15  Lurker x5  
  157  8:22  Queen  
  157  8:23  Extractor  
  157  8:25  Overlord x3  
  158  8:32  Overlord  
  158  8:35  Lurker x2  
  156  8:54  Roach x2  
  156  8:55  Roach x7  
  174  9:02  Hatchery  
  171  9:11  Hive  
  171  9:12  Spire  
  170  9:18  Hydralisk x8  
  182  9:32  Hydralisk x2  
  168  9:48  Hydralisk x7  
  182  9:56  Hydralisk x2  
  183  10:12  Drone x2  
  173  10:15  Overlord x4  
Show
View Real Time Build Order
Export as new Build Order

Beastyqt Terran - Winner!

Build Orders: Reaper Expand, MMM Bio, Siege Tank Drop 

Get SALT Encoding   

  12  0:01  SCV  
  13  0:13  SCV  
  14  0:17  Supply Depot  
  14  0:25  SCV  
  15  0:39  SCV  
  15  0:40  Barracks  
  16  0:44  Refinery  
  16  0:51  SCV  
  17  1:03  SCV  
  18  1:15  SCV  
  19  1:27  Reaper  
  19  1:28  Orbital Command  
  20  1:44  Command Center  
  20  1:55  SCV  
  20  1:58  Supply Depot  
  22  2:07  Factory  
  21  2:09  SCV  
  22  2:22  SCV, Barracks Reactor  
  23  2:36  SCV, Refinery  
  24  2:48  SCV  
  24  2:50  Command Center  
  25  2:57  Orbital Command  
  25  3:00  SCV  
  26  3:06  Hellion  
  26  3:08  Hellion  
  31  3:12  SCV  
  31  3:17  Starport  
  31  3:20  Barracks Tech Lab  
  31  3:24  SCV  
  31  3:25  SCV  
  32  3:36  SCV  
  32  3:37  SCV  
  34  3:43  Bunker  
  34  3:44  Siege Tank, Marine x2  
  34  3:48  SCV  
  40  3:50  SCV  
  40  3:54  Bunker  
  41  3:56  Medivac  
  41  4:00  SCV  
  44  4:03  Marine  
  44  4:04  SCV, Marine  
  48  4:15  Orbital Command  
  48  4:16  SCV  
  48  4:22  Barracks  
  48  4:26  Factory Reactor  
  48  4:27  SCV, Viking, Barracks  
  48  4:29  SCV  
  52  4:33  Marine  
  52  4:35  Stimpack  
  53  4:39  SCV  
  53  4:42  Supply Depot  
  53  4:43  SCV x2  
  56  4:51  SCV  
  56  4:52  Supply Depot  
  57  4:53  Marine  
  57  4:55  SCV x2  
  60  5:03  SCV, Engineering Bay  
  60  5:04  Engineering Bay  
  60  5:06  Starport Reactor  
  61  5:07  SCV  
  61  5:12  Factory Reactor  
  63  5:16  Refinery x2  
  63  5:21  Supply Depot  
  62  5:23  SCV  
  62  5:25  Marine, Orbital Command  
  62  5:26  Marine  
  65  5:29  Supply Depot, Marauder  
  65  5:31  Terran Infantry Weapons Level 1, Supply Depot  
  65  5:32  Supply Depot  
  65  5:33  Terran Infantry Armor Level 1, SCV  
  65  5:35  SCV  
  69  5:37  Marine x2  
  71  5:43  Marine  
  71  5:45  SCV  
  71  5:47  SCV  
  71  5:48  Marine  
  75  5:50  SCV, Marine  
  75  5:56  Marine x2  
  79  5:57  Medivac  
  79  5:58  SCV, Medivac  
  79  5:59  SCV  
  79  6:00  Factory Tech Lab  
  79  6:04  SCV, Missile Turret  
  86  6:05  Marine  
  86  6:06  Marine  
  86  6:08  Marauder  
  86  6:11  SCV  
  91  6:13  SCV, Marine  
  91  6:14  Supply Depot, Marine  
  91  6:18  SCV  
  95  6:23  SCV, Marine  
  95  6:24  Marine  
  95  6:25  SCV  
  99  6:26  Widow Mine  
  99  6:28  Barracks  
  99  6:29  Marauder  
  99  6:31  Barracks, Marine  
  104  6:35  SCV  
  104  6:36  Supply Depot, Marine  
  104  6:39  SCV  
  107  6:41  Marine  
  107  6:42  Medivac x2  
  107  6:46  SCV  
  113  6:47  Combat Shields, Marine  
  113  6:49  Marine  
  113  6:52  SCV x2  
  117  6:55  Missile Turret  
  117  6:56  Armory  
  117  6:57  Supply Depot  
  117  6:58  SCV, Siege Tank, Marauder  
  123  7:05  Refinery  
  123  7:07  Refinery  
  123  7:09  Marine x2  
  125  7:16  Supply Depot  
  125  7:17  Supply Depot  
  125  7:19  SCV  
  125  7:20  Barracks Reactor  
  125  7:21  Marine x2  
  128  7:30  Marine  
  128  7:32  Siege Tank  
  128  7:33  Marine  
  128  7:34  Marine  
  128  7:36  Marine x2  
  123  7:38  SCV x2  
  123  7:40  Marine  
  123  7:41  Medivac x2  
  123  7:44  SCV  
  131  7:46  Command Center  
  131  7:50  SCV  
  132  7:52  Terran Infantry Armor Level 2  
  132  7:57  Marine  
  132  7:58  Marine x8  
  135  8:00  SCV  
  135  8:03  Missile Turret  
  135  8:04  Siege Tank  
  145  8:05  Supply Depot  
  145  8:13  Terran Infantry Weapons Level 2  
  145  8:15  Terran Vehicle Weapons Level 1, Marine x3  
  145  8:16  Marine  
  149  8:27  Marine x5  
  149  8:28  Supply Depot x3  
  149  8:29  Medivac x2  
  149  8:30  Supply Depot  
  149  8:33  Sensor Tower, Marine x3  
  159  8:34  Marine  
  159  8:38  Siege Tank  
  163  8:43  Supply Depot  
  163  8:44  Marine x2  
  165  8:49  Marine x2  
  165  8:54  Marine x2  
  168  8:58  Marine x3  
  168  9:02  Marine x2  
  171  9:07  Marine x2  
  175  9:10  Siege Tank  
  175  9:12  Marine x2  
  175  9:16  Marine x3  
  182  9:23  Marine x2  
  182  9:25  Marine  
  182  9:26  Marauder  
  182  9:29  Marine  
  182  9:30  Marine  
  184  9:34  Marine x2  
  184  9:38  Marine  
  179  9:42  Siege Tank  
  178  9:47  Barracks  
  178  9:50  Factory, Barracks  
  178  9:51  Barracks  
  178  9:52  Marine x2  
  179  10:00  Marine  
  179  10:03  Marine x2  
  179  10:05  Medivac x2  
  186  10:12  Marine x6  
  192  10:18  Marine  
  198  10:29  Command Center  

Tags
 
Add a new tag
Caveats
  • Supply blocks, unpowered buildings, or Contaminate may cause inaccurate times.
  • Supply counts are checked every 10 seconds.